 Dungeon Crawl Stone Soup version 0.17.1-3-g152610e (webtiles) character file.

40 buf2 the Bolt Thrower (level 3, 0/24 HPs)
             Began as a High Elf Hunter on Apr 21, 2016.
             Slain by Terence
             ... wielding a +0 short sword
              (6 damage)
             ... on level 2 of the Dungeon.
             The game lasted 00:09:30 (1571 turns).

buf2 the Bolt Thrower (High Elf Hunter)             Turns: 1571, Time: 00:09:30

Health: 0/24       AC:  8    Str: 11    XL:     3   Next: 30%
Magic:  4/4        EV: 12    Int: 16    God:
Gold:   65         SH:  0    Dex: 15    Spells: 0 memorised, 2 levels left

rFire  . . .     SeeInvis .     b - +0 short sword
rCold  . . .     Clarity  +     c - +0 leather armour
rNeg   . . .     SustAt   .     (no shield)
rPois  .         Gourm    .     (no helmet)
rElec  .         Spirit   .     (no cloak)
rCorr  +         Warding  .     (no gloves)
rMut   .         Stasis   .     (no boots)
MR     .....                    j - amulet of resist corrosion
Stlth  ++........               (no ring)
                                (no ring)

@: not resistant to hostile enchantments, unstealthy
A: iridescent scales 1, molten scales 1, clarity, MP-powered wands
a: no special abilities


You were on level 2 of the Dungeon.
You were very hungry.

You visited 1 branch of the dungeon, and saw 2 of its levels.

You collected 65 gold pieces.

Inventory:

Hand Weapons
 a - a +1 hand crossbow
 b - a +0 short sword (weapon)
 l - a +0 whip
Missiles
 d - 17 bolts
 k - 46 stones (quivered)
 p - 14 arrows
 r - 18 poisoned needles
Armour
 c - a +0 leather armour (worn)
 n - a +0 ring mail
Jewellery
 j - an amulet of resist corrosion (around neck)
Scrolls
 f - a scroll of remove curse
 g - a scroll of blinking
 h - 2 scrolls of identify
 i - a scroll of fog {unknown}
 o - a scroll of amnesia {unknown}
 u - a scroll of enchant armour {unknown}
Comestibles
 e - a bread ration
 q - 2 beef jerkies
 s - a chunk of flesh


   Skills:
 + Level 2.0 Fighting
 + Level 4.8 Crossbows
 + Level 1.0 Armour
 + Level 2.4 Dodging
 + Level 1.1 Stealth


You had 2 spell levels left.
You didn't know any spells.

Dungeon Overview and Level Annotations

Branches:
Dungeon (2/15)

Altars:

Annotations:
D:2 Terence


Innate Abilities, Weirdness & Mutations

You are partially covered in iridescent scales (AC +4).
You are partially covered in molten scales (AC +1).
You possess an exceptional clarity of mind.
You expend magic power (3 MP) to strengthen your wands.


Message History

Terence is almost dead.
Terence hits you with a short sword.
* * * LOW HITPOINT WARNING * * *
Drink which item? (? for menu, Esc to quit)
You feel extremely strange.
Your thoughts seem clearer.
Molten scales grow over part of your body.
You feel weaker. Terence hits you but does no damage.
Drink which item? (? for menu, Esc to quit)
It was a potion of curing.
You feel better. Terence hits you but does no damage.
You hit Terence but do no damage.
Terence is almost dead.
Terence hits you with a short sword.
* * * LOW HITPOINT WARNING * * *
You barely miss Terence.
Terence is almost dead.
Terence hits you with a short sword.
You die...

######### #..>....#
#.......####
##...........
###........####
######.............#
#..@@....########...
#.####...## .#. ..
#.....# .# ##
#.@...# .# ##....##
.# #.....# .#
#.<.$..!#.# ..
.......##.# ........
..


You could see Terence.

Vanquished Creatures
  An adder (D:2)
  A worm (D:2)
  A ball python (D:1)
  5 hobgoblins
  6 jackals (D:1)
  4 bats
  A giant gecko (D:1)
  2 giant newts
  4 goblins (D:1)
  2 kobolds (D:1)
  2 rats (D:1)
29 creatures vanquished.

Notes
Turn   | Place    | Note
--------------------------------------------------------------
     0 | D:1      | buf2 the High Elf Hunter began the quest for the Orb.
     0 | D:1      | Reached XP level 1. HP: 14/14 MP: 2/2
   428 | D:1      | Reached XP level 2. HP: 10/19 MP: 3/3
  1424 | D:2      | Reached XP level 3. HP: 24/24 MP: 4/4
  1488 | D:2      | Noticed Terence
  1509 | D:2      | Gained mutation: You are partially covered in iridescent scales (AC +4). [potion of mutation]
  1509 | D:2      | Gained mutation: You expend magic power (3 MP) to strengthen your wands. [potion of mutation]
  1509 | D:2      | Gained mutation: Your muscles are strong. (Str +2) [potion of mutation]
  1510 | D:2      | Reached skill level 1 in Armour
  1568 | D:2      | Gained mutation: You possess an exceptional clarity of mind. [potion of mutation]
  1568 | D:2      | Gained mutation: You are partially covered in molten scales (AC +1). [potion of mutation]
  1568 | D:2      | Lost mutation: Your muscles are strong. (Str +2) [potion of mutation]
  1571 | D:2      | Slain by Terence

Action                   || total
-------------------------++-------
Melee: Short sword       ||   116
 Fire: Hand crossbow     ||    24
Throw: Stone             ||     7
  Use: Scroll            ||     4
       Potion            ||     5
  Eat: Chunk             ||     1
